 Dungeon Crawl Stone Soup version 0.29.0-4-gdea44cf6ec (webtiles) character file.

Game seed: 1405623625248271551

541 qw the Chopper (level 7, 0/43 HPs)
             Began as a Gargoyle Fighter on Sept 7, 2022.
             Slain by Pikel
             ... wielding a +1 whip of freezing
              (1 damage)
             ... on level 5 of the Dungeon.
             The game lasted 00:02:01 (4093 turns).

qw the Chopper (Gargoyle Fighter)                   Turns: 4093, Time: 00:02:01

Health: 0/43       AC: 12    Str: 21    XL:     7   Next: 26%
Magic:  7/7        EV:  7    Int:  9    God:
Gold:   176        SH:  4    Dex:  9    Spells: 6/6 levels left

rFire   . . .      SeeInvis .   Y - +6 war axe
rCold   . . .      Faith    .   c - +0 buckler
rNeg    + . .      Spirit   .   f - +0 chain mail
rPois   inf        Reflect  .   i - +0 helmet
rElec   +          Harm     .   m - scarf {repulsion}
rCorr   .          Rampage  .   (no gloves)
Will    .....                   p - +0 pair of boots
Stlth   ..........              n - amulet of regeneration
HPRegen 0.94/turn               (no ring)
MPRegen 0.10/turn               (no ring)

@: about to teleport, corroded, repel missiles
A: sickness immunity, AC +4, negative energy resistance 1, electricity
resistance, torment resistance 1, petrification resistance
a: no special abilities


You were on level 5 of the Dungeon.
You visited 1 branch of the dungeon, and saw 5 of its levels.

You collected 252 gold pieces.
You spent 76 gold pieces at shops.


Innate Abilities, Weirdness & Mutations

You are immune to sickness and miasma.
Your stone body is resilient. (AC +4)
You are immune to poison.
You resist negative energy. (rN+)
You are resistant to electric shocks. (rElec)
You are resistant to unholy torment.
You are immune to petrification.


   Skills:
 - Level 4.0 Fighting
 + Level 6.6 Axes
 - Level 3.2 Armour
 - Level 1.0 Dodging
 - Level 3.2 Shields


You had 6 spell levels left.
You didn't know any spells.
Your spell library was empty.

Inventory:

Hand Weapons
 e - a +0 morningstar
 Y - a +6 war axe (weapon)
Armour
 c - a +0 buckler (worn)
 f - a +0 chain mail (worn)
 i - a +0 helmet (worn)
 k - a +0 cloak
 m - a scarf of repulsion (worn)
 p - a +0 pair of boots (worn)
Jewellery
 n - an amulet of regeneration (around neck)
Scrolls
 l - a scroll of identify
Potions
 a - a potion of cancellation
 d - 3 potions of might
 h - a potion of curing {unknown}
 j - a potion of mutation {unknown}
 q - a potion of lignification {unknown}

Dungeon Overview and Level Annotations

Branches:
Dungeon (5/15)
 Temple: D:4-7

Altars:

Shops:
D:3 ??(

Annotations:
D:5 Pikel


Message History

Pikel freezes you.
You slash the lemure!
You kill the lemure!
That felt strangely unrewarding.
You hit the shadow imp. You miss Pikel. You completely miss the lemure.
Pikel hits you but does no damage.
The shadow imp hits you but does no damage.
The lemure closely misses you. You block Pikel's attack.
The lemure hits you but does no damage. x2
You hit the lemure.
The lemure is severely wounded.
You hit the lemure. You slash Pikel! You hit the lemure but do no damage.
You block Pikel's attack. The lemure closely misses you.
The lemure completely misses you. The lemure barely misses you.
Pikel zaps a wand.
The bolt of acid hits you!
You barely miss Pikel.
Pikel is severely wounded.
You barely miss the lemure. You slash the lemure! You hit the lemure.
Pikel hits you but does no damage. You block the lemure's attack. x2
The lemure hits you but does no damage.
You closely miss the lemure.
The lemure is almost dead.
You hit the lemure. You barely miss Pikel. You slash the lemure!
Pikel barely misses you.
Pikel zaps a wand.
The bolt of acid hits you! The acid corrodes you!
The lemure hits you but does no damage. The lemure completely misses you.
The lemure closely misses you.
You miss the lemure.
The lemure is almost dead.
You hit Pikel. You hit the lemure but do no damage. You barely miss the lemure.
Pikel hits you with a +1 whip of freezing.
Pikel freezes you. The lemure hits you but does no damage.
You block the lemure's attack. The lemure hits you but does no damage.
Pikel hits you but does no damage. The lemure barely misses you.
The lemure hits you but does no damage. The lemure hits you!
4093 ||| READING scroll of teleportation.
As you read the scroll of teleportation, it crumbles to dust.
You feel strangely unstable.
Pikel hits you with a +1 whip of freezing.
Pikel freezes you.
You die...

#.. #.# #.# #.#
#### ## #.# ##...
...
##.###..##....
#..#......!..#
##.##.W55.....#
#.<##..@K5$...#
#..#.....5....)#
#.#..#........<#
.....############
#..... #.....
#..... #.....
#.....


You could see Pikel (fast), 3 lemures, a phantom and a shadow imp.

Vanquished Creatures
  A lemure (D:5)
  A scorpion (D:4)
  A gnoll bouda (D:4)
  2 hounds (D:4)
  An orc priest (D:4)
  An iguana (D:4)
  Robin (D:1)
  14 gnolls
  5 adders
  A dart slug (D:2)
  5 orcs
  5 endoplasms
  3 giant cockroaches
  38 goblins
  29 hobgoblins
  2 jackals (D:1)
  7 kobolds
  A quokka (D:4)
  7 ball pythons
  4 bats
  3 frilled lizards
  5 rats
137 creatures vanquished.

Vanquished Creatures (others)
  2 plants (D:2)
2 creatures vanquished.

Grand Total: 139 creatures vanquished

Notes
Turn   | Place    | Note
-------+----------+-------------------------------------------
     0 | D:1      | qw the Gargoyle Fighter began the quest for the Orb.
     0 | D:1      | Reached XP level 1. HP: 14/14 MP: 1/1
     0 | D:1      | 0 ||| qw: Version: 0.1-a-108-g9e35731
     0 | D:1      | 0 ||| qw: Game counter: 6462
     0 | D:1      | 0 ||| qw: Always use a shield: true
     0 | D:1      | 0 ||| qw: God list: Okawaru
     0 | D:1      | 0 ||| qw: Allow faded altars: false
     0 | D:1      | 0 ||| qw: Do Orc after D:15 true
     0 | D:1      | 0 ||| qw: Do second Lair branch before Depths: true
     0 | D:1      | 0 ||| qw: Lair rune preference: random
     0 | D:1      | 0 ||| qw: Plans: Normal, Zot, God:TSO, Crypt, Tomb, Zig,
                  | Orb
     0 | D:1      | 0 ||| PLANNING D:1-11
    94 | D:1      | Found a faded altar of an unknown god.
   120 | D:1      | Reached skill level 2 in Axes
   226 | D:1      | 226 ||| Stepping ~*~*~tactically~*~*~ (stealth).
   227 | D:1      | 227 ||| Stepping ~*~*~tactically~*~*~ (stealth).
   230 | D:1      | 230 ||| Stepping ~*~*~tactically~*~*~ (stealth).
   233 | D:1      | Reached XP level 2. HP: 19/19 MP: 2/2
   236 | D:1      | 236 ||| Stepping ~*~*~tactically~*~*~ (stealth).
   334 | D:1      | 334 ||| Stepping ~*~*~tactically~*~*~ (stealth).
   402 | D:1      | 402 ||| Stepping ~*~*~tactically~*~*~ (stealth).
   776 | D:1      | 776 ||| READING scroll labelled JUEDIG PORRY.
   779 | D:1      | 779 ||| READING scroll labelled TAJUWA HYLA.
   797 | D:2      | Noticed Robin
   798 | D:2      | 798 ||| STAIRDANCE
   801 | D:1      | Reached skill level 3 in Axes
   805 | D:1      | Killed Robin
   806 | D:1      | Reached XP level 3. HP: 13/23 MP: 3/3
   946 | D:1      | 946 ||| DROPPING +0 club.
   947 | D:1      | 947 ||| UPGRADING to +0 helmet.
   955 | D:2      | 955 ||| STAIRDANCE
  1045 | D:2      | 1045 ||| STAIRDANCE
  1349 | D:2      | Reached XP level 4. HP: 28/28 MP: 4/4
  1508 | D:2      | Reached skill level 4 in Axes
  1800 | D:2      | 1800 ||| Stepping ~*~*~tactically~*~*~ (hiding).
  2014 | D:2      | 2014 ||| UPGRADING to amulet of regeneration.
  2019 | D:2      | 2019 ||| READING scroll labelled ZOCWYO LOKYOLY.
  2020 | D:2      | 2020 ||| READING 3 scrolls labelled WUCA HUXYTI.
  2021 | D:2      | 2021 ||| READING 2 scrolls labelled BOKHIS YKKYLEK.
  2022 | D:2      | 2022 ||| READING scroll of enchant weapon.
  2022 | D:2      | 2022 ||| ENCHANTING +1 war axe.
  2023 | D:2      | 2023 ||| READING 2 scrolls of identify.
  2023 | D:2      | 2023 ||| IDENTIFYING yellow potion
  2024 | D:2      | 2024 ||| DROPPING potion of ambrosia.
  2079 | D:3      | Found Zomeoq's Weapon Shop.
  2084 | D:3      | 2084 ||| BUYING +0 morningstar (48 gold).
  2084 | D:3      | Bought a +0 morningstar for 48 gold pieces
  2084 | D:3      | 2084 ||| DROPPING +0 whip.
  2136 | D:3      | Found Pueder's Magic Scroll Emporium.
  2141 | D:3      | 2141 ||| SHOPLISTING scroll of brand weapon (104 gold, have
                  | 44).
  2141 | D:3      | 2141 ||| SHOPLISTING scroll of enchant armour (82 gold,
                  | have 44).
  2153 | D:3      | Found Ciydd's Magic Scroll Shop.
  2167 | D:3      | 2167 ||| SHOPLISTING scroll of blinking (105 gold, have
                  | 44).
  2167 | D:3      | 2167 ||| SHOPLISTING scroll of fog (56 gold, have 44).
  2167 | D:3      | 2167 ||| BUYING scroll of identify (28 gold).
  2167 | D:3      | Bought a scroll of identify for 28 gold pieces
  2167 | D:3      | 2167 ||| SHOPLISTING scroll of identify (28 gold, have 16).
  2287 | D:3      | 2287 ||| Stepping ~*~*~tactically~*~*~ (hiding).
  2315 | D:3      | 2315 ||| FLEEEEING.
  2391 | D:3      | 2391 ||| Stepping ~*~*~tactically~*~*~ (hiding).
  2399 | D:3      | Reached XP level 5. HP: 28/32 MP: 5/5
  2474 | D:3      | Reached skill level 5 in Axes
  2562 | D:3      | 2562 ||| Stepping ~*~*~tactically~*~*~ (hiding).
  2622 | D:3      | Reached XP level 6. HP: 38/38 MP: 6/6
  2647 | D:3      | Reached skill level 1 in Dodging
  2986 | D:3      | 2986 ||| UPGRADING to +0 cloak.
  2991 | D:3      | 2991 ||| UPGRADING to scarf of repulsion.
  3001 | D:3      | 3001 ||| UPGRADING to +0 pair of boots.
  3006 | D:3      | 3006 ||| DROPPING ring of magical power.
  3007 | D:3      | 3007 ||| DRINKING 2 black potions.
  3008 | D:3      | 3008 ||| READING 2 scrolls of identify.
  3008 | D:3      | 3008 ||| IDENTIFYING green potion
  3009 | D:3      | 3009 ||| DROPPING potion of flight.
  3123 | D:4      | HP: 5/38 [iguana (9)]
  3124 | D:4      | 3124 ||| DRINKING potion of heal wounds.
  3126 | D:4      | 3126 ||| FLEEEEING.
  3127 | D:4      | 3127 ||| FLEEEEING.
  3128 | D:4      | 3128 ||| FLEEEEING.
  3129 | D:4      | 3129 ||| FLEEEEING.
  3130 | D:4      | 3130 ||| FLEEEEING.
  3131 | D:4      | 3131 ||| FLEEEEING.
  3132 | D:4      | 3132 ||| FLEEEEING.
  3133 | D:4      | 3133 ||| FLEEEEING.
  3134 | D:4      | 3134 ||| FLEEEEING.
  3138 | D:4      | 3138 ||| FLEEEEING.
  3139 | D:4      | 3139 ||| FLEEEEING.
  3275 | D:4      | Reached skill level 6 in Axes
  3488 | D:4      | Reached XP level 7. HP: 40/43 MP: 7/7
  3573 | D:4      | 3573 ||| READING 3 scrolls of enchant weapon.
  3573 | D:4      | 3573 ||| ENCHANTING +2 war axe.
  3574 | D:4      | 3574 ||| READING 2 scrolls of enchant weapon.
  3574 | D:4      | 3574 ||| ENCHANTING +3 war axe.
  3575 | D:4      | 3575 ||| READING scroll of enchant weapon.
  3575 | D:4      | 3575 ||| ENCHANTING +4 war axe.
  3898 | D:4      | 3898 ||| READING scroll of enchant weapon.
  3898 | D:4      | 3898 ||| ENCHANTING +5 war axe.
  3932 | D:4      | 3932 ||| UPGRADING to +0 chain mail.
  3942 | D:4      | 3942 ||| DROPPING +0 scale mail.
  3943 | D:4      | 3943 ||| READING scroll labelled FAORUIMOFO.
  3944 | D:4      | 3944 ||| DRINKING 2 clear potions.
  4048 | D:4      | 4048 ||| READING 3 scrolls of identify.
  4048 | D:4      | 4048 ||| IDENTIFYING brown potion
  4049 | D:4      | 4049 ||| READING 2 scrolls of identify.
  4049 | D:4      | 4049 ||| IDENTIFYING metallic dark potion
  4050 | D:4      | 4050 ||| DROPPING potion of invisibility.
  4051 | D:4      | 4051 ||| DROPPING potion of berserk rage.
  4072 | D:5      | Entered Level 5 of the Dungeon
  4081 | D:5      | Noticed Pikel
  4092 | D:5      | HP: 10/43 [Pikel/+1 whip of freezing (1)]
  4092 | D:5      | HP: 3/43 [lemure[Pikel] (7)]
  4093 | D:5      | 4093 ||| READING scroll of teleportation.
  4093 | D:5      | HP: 1/43 [Pikel/+1 whip of freezing (3)]
  4093 | D:5      | Slain by Pikel

Levels and vault maps discovered:
D:1:      lightli_iron_boxes, layout_loops_ring, ebering_ecumenical_altar_box,
          hangedman_feature_mirror
D:2:      layout_loops_ring, chequers_big_river, uniq_robin
D:3:      minmay_goblin_kobold_castle, layout_rooms, serial_shops,
          nicolae_shop_hallway_plus, nicolae_shop_hallway_stairs,
          nicolae_square_shop, minivault_19
D:4:      layout_loops_corners
D:5:      layout_rooms, uniq_sigmund, uniq_grinder, uniq_pikel

Skill      XL: |  1  2  3  4  5  6 |
---------------+-------------------+-----
Axes           | 2 3 4 5 6 |  6.6
Fighting       | 4 |  4.0
Dodging        | 1 |  1.0
Armour         | |  3.2
Shields        | |  3.2

Action                   |  1- 3 |  4- 6 |  7- 9 || total
-------------------------+-------+-------+-------++-------
Melee: War axe           |    92 |   220 |    29 ||   341
  Use: Scroll            |     2 |     6 |     8 ||    16
       Potion            |       |     2 |     1 ||     3
Armor: Scale mail        |    49 |   133 |     6 ||   188
       Chain mail        |       |       |    14 ||    14
Dodge: Dodged            |    42 |   151 |    22 ||   215
Block: Buckler           |    23 |    53 |     7 ||    83

Table legend:
 A = Non-vault XP
 B = Vault XP
 C = Vault XP percentage of total XP
 D = Non-vault monster count
 E = Vault monster count
 F = Vault count percentage of total count
                 A         B        C        D         E       F
            +---------+---------+-------+---------+---------+-------
      Total |     488 |     285 |  36.9 |      65 |      71 |  52.2
            +---------+---------+-------+---------+---------+-------
        D:1 |      29 |      30 |  50.8 |      18 |       9 |  33.3
        D:2 |      45 |       5 |  10.0 |      12 |       3 |  20.0
        D:3 |      39 |     250 |  86.5 |       9 |      59 |  86.8
        D:4 |     375 |       0 |   0.0 |      26 |       0 |   0.0
            +---------+---------+-------+---------+---------+-------
